AoeStats
← Tr3vorTW

Arena

510410426Analyzed
4v4 RM · 1d ago on Sep 30, 2026· 63m 33s· 8 players
Game mode
Random Map
Map size
Large (8 player)
Population
200
Speed
Normal
Resources
Standard
Victory
Conquest
Starting age
Dark Age
Ending age
Imperial Age
RankedLock teamsTeams togetherTeam positionsShared explorationLock speedFull tech treeHidden civsTurbo modeCheats
Victory
Defeat
🇪🇸 Maya · Spain
1050
+13
🇬🇧 Varangians · United Kingdom
1045
+14
🇵🇹 Romans · Portugal
1027
+14
🇹🇼 Mongols · Taiwan
964
+17
🇹🇷 Koreans · Türkiye
1010
-15
🇨🇱 Khmer · Chile
1009
-15
🇨🇱 Slavs · Chile
973
-14
🇺🇾 Armenians · Uruguay
968
-14
danieleduka
5:25 Loom
10:33 Feudal Age
11:41 Double-Bit Axe
17:39 Castle Age
19:15 Bow Saw
18:58 Horse Collar
21:08 Gold Mining
24:27 Wheelbarrow
31:29 Imperial Age
30:45 Hand Cart
50:08 Elite Ballista Elephant
51:03 Double Crossbow
52:59 Elite Ballista Elephant
56:27 Chemistry
Pocho32
5:51 Loom
11:21 Feudal Age
16:59 Castle Age
15:25 Double-Bit Axe
16:59 Gold Mining
16:59 Stone Mining
21:47 Man-at-Arms
21:50 Pikeman
22:16 Gambesons
22:32 Squires
23:04 Long Swordsman
25:07 Scale Mail Armor
25:18 Forging
25:00 Fletching
25:02 Two-Handed Swordsman
28:08 Ballistics
29:23 Wheelbarrow
34:39 Imperial Age
32:07 Bodkin Arrow
32:13 Padded Archer Armor
34:19 Champion
35:18 Leather Archer Armor
36:21 Bracer
36:57 Iron Casting
36:38 Chain Mail Armor
37:35 Conscription
36:38 Elite Composite Bowman
40:06 Blast Furnace
43:35 Chemistry
43:07 Arson
45:05 Fereters
51:10 Ring Archer Armor
mrsoysal
0:38 Loom
8:48 Feudal Age
22:52 Castle Age
22:33 Town Watch
26:39 Double-Bit Axe
28:07 Bow Saw
29:03 Treadmill Crane
30:31 Ballistics
34:18 Murder Holes
34:19 Fletching
38:05 Wheelbarrow
37:14 Horse Collar
37:30 Gold Mining
37:36 Stone Mining
38:11 Caravan
41:15 Heavy Plow
46:09 Imperial Age
45:21 Hand Cart
45:15 Bodkin Arrow
48:38 Chemistry
47:28 Arrowslits
48:22 Bracer
50:39 Eupseong
53:11 Stone Shaft Mining
55:24 Conscription
54:29 Elite War Wagon
54:41 Elite War Wagon
ItsBocchi
10:54 Feudal Age
11:36 Loom
11:43 Double-Bit Axe
11:42 Horse Collar
11:54 Gold Mining
17:37 Castle Age
19:41 Stone Mining
25:39 Wheelbarrow
26:09 Gold Shaft Mining
25:26 Fletching
25:47 Forging
25:37 Scale Mail Armor
25:53 Heavy Plow
26:10 Bow Saw
26:01 Town Watch
27:16 Detinets
27:26 Scale Barding Armor
28:04 Detinets
29:44 Husbandry
29:54 Bloodlines
32:50 Imperial Age
30:50 Light Cavalry
33:38 Druzhina
32:58 Elite Boyar
35:31 Hoardings
35:16 Conscription
35:35 Chain Barding Armor
35:50 Iron Casting
35:44 Elite Boyar
37:40 Plate Barding Armor
36:35 Man-at-Arms
37:20 Long Swordsman
38:02 Squires
39:13 Blast Furnace
38:02 Capped Ram
39:27 Caravan
39:23 Siege Ram
39:36 Two-Handed Swordsman
39:42 Pikeman
40:52 Siege Engineers
41:48 Chemistry
40:58 Masonry
41:08 Ballistics
40:59 Fortified Wall
40:46 Murder Holes
42:13 Onager
43:03 Heavy Scorpion
45:56 Champion
48:50 Halberdier
51:46 Scale Mail Armor
54:32 Chain Mail Armor
54:12 Bodkin Arrow
57:19 Elite Skirmisher
58:03 Padded Archer Armor
60:41 Bodkin Arrow
TigerTom90
5:15 Loom
10:13 Feudal Age
14:35 Castle Age
13:17 Double-Bit Axe
14:27 Horse Collar
19:21 Bow Saw
19:43 Gold Mining
21:30 Arson
22:51 Squires
23:30 Forging
25:42 Gambesons
26:20 Scale Mail Armor
27:03 Iron Casting
31:20 Imperial Age
29:36 Caravan
30:18 Stone Mining
31:28 Gothikon
32:29 Conscription
32:42 Chain Mail Armor
36:35 Elite Varangian Guard
38:33 Blast Furnace
39:46 Plate Mail Armor
40:28 Wheelbarrow
43:32 Two-Man Saw
43:14 Stone Shaft Mining
42:45 Heavy Plow
Tr3vorTW
11:03 Feudal Age
15:29 Castle Age
14:30 Double-Bit Axe
14:41 Gold Mining
14:49 Horse Collar
16:53 Bow Saw
18:26 Loom
18:59 Heavy Plow
22:50 Bloodlines
23:40 Husbandry
25:11 Forging
26:41 Iron Casting
28:01 Wheelbarrow
28:54 Scale Barding Armor
30:20 Chain Barding Armor
30:18 Hand Cart
33:27 Imperial Age
31:24 Hand Cart
32:50 Gold Shaft Mining
32:06 Stone Mining
36:37 Blast Furnace
35:31 Fletching
35:42 Padded Archer Armor
36:28 Stone Shaft Mining
36:39 Conscription
36:21 Bodkin Arrow
36:34 Thumb Ring
36:16 Light Cavalry
36:38 Elite Mangudai
38:42 Bracer
39:07 Leather Archer Armor
39:14 Ballistics
40:12 Chemistry
42:56 Blast Furnace
42:18 Hussar
49:04 Drill
48:45 Nomads
49:34 Siege Engineers
49:26 Murder Holes
49:44 Masonry
48:58 Capped Ram
50:11 Siege Ram
56:41 Parthian Tactics
58:10 Caravan
ramis7_7
0:47 Loom
10:39 Feudal Age
11:10 Double-Bit Axe
11:08 Horse Collar
17:12 Castle Age
15:14 Stone Mining
18:21 Bow Saw
18:13 Heavy Plow
21:22 Wheelbarrow
23:29 Hand Cart
24:07 Gold Mining
26:01 Stone Shaft Mining
25:21 Town Watch
27:30 Town Patrol
28:02 Forging
27:53 Scale Mail Armor
28:51 Masonry
28:23 Treadmill Crane
29:51 Iron Casting
32:37 Imperial Age
30:49 Chain Mail Armor
30:08 Eagle Warrior
30:51 Squires
30:37 Arson
32:10 Fortified Wall
31:55 Murder Holes
32:27 Fletching
32:42 Elite Eagle Warrior
33:59 Plate Mail Armor
34:30 Blast Furnace
33:54 Conscription
34:19 Holcans
33:56 Bodkin Arrow
34:24 Ballistics
35:05 Chemistry
34:38 Architecture
35:35 Crop Rotation
36:23 Hoardings
36:03 Guilds
38:29 Pikeman
39:14 Bracer
39:35 Man-at-Arms
39:36 Halberdier
40:55 Padded Archer Armor
40:57 Hul'che Javelineers
42:05 Leather Archer Armor
41:14 Elite Skirmisher
42:01 Thumb Ring
43:24 Ring Archer Armor
48:52 Two-Man Saw
48:01 Capped Ram
49:28 Siege Ram
53:38 Crossbowman
57:11 Arbalester
61:18 Caravan
!
11:05 Feudal Age
9:21 Loom
11:04 Loom
11:56 Double-Bit Axe
15:09 Castle Age
13:19 Horse Collar
14:34 Man-at-Arms
16:12 Bow Saw
26:21 Scale Mail Armor
27:43 Chain Mail Armor
26:58 Pikeman
29:26 Forging
29:08 Fletching
30:47 Iron Casting
42:04 Wheelbarrow
47:42 Gold Mining
47:43 Stone Mining
51:21 Imperial Age
49:07 Hand Cart
48:38 Town Watch
49:24 Ballistics
49:17 Masonry
49:04 Murder Holes
50:43 Gold Shaft Mining
50:17 Heavy Plow
52:00 Heavy Scorpion
52:13 Halberdier
52:54 Squires
54:37 Chemistry
53:54 Fortified Wall
56:17 Blast Furnace
55:31 Siege Engineers
55:59 Architecture
55:24 Guard Tower
56:15 Ballistas
61:05 Comitatenses
61:05 Conscription
60:17 Sappers
63:24 Capped Ram
Connection lost

Rejoining the realm…

Still unreachable

The connection could not be restored.

Session expired

The server has moved on; the page needs a fresh start.